 Dungeon Crawl Stone Soup version 0.30-a0-782-ge64f9170bb (webtiles) character file.

Game seed: 15664884919288273962

137 phunky83 the Shield-Bearer (level 5, -1/47 HPs)
             Began as a Minotaur Fighter on Mar 4, 2023.
             Slain by a goblin
             ... wielding a +0 dagger
             ... led by Robin
              (3 damage)
             ... on level 3 of the Dungeon.
             The game lasted 00:13:20 (1833 turns).

phunky83 the Shield-Bearer (Minotaur Fighter)       Turns: 1833, Time: 00:13:21

Health: -1/47      AC: 10    Str: 22    XL:     5   Next: 0%
Magic:  4/4        EV:  6    Int:  5    God:
Gold:   83         SH:  8    Dex: 10    Spells: 4/4 levels left

rFire   . . .      SeeInvis .    a - +0 war axe
rCold   . . .      Faith    .    m - +0 kite shield
rNeg    . . .      Spirit   .    g - +0 chain mail
rPois   .          Reflect  .    (helmet restricted)
rElec   .          Harm     .    (no cloak)
rCorr   .          Rampage  .    (no gloves)
Will    .....                    l - +0 pair of boots Stlth
                                 (no amulet)
HPRegen 0.27/turn                (no ring)
MPRegen 0.09/turn                (no ring)

@: mighty
A: horns 2, retaliatory headbutt
a: no special abilities


You were on level 3 of the Dungeon.
You visited 1 branch of the dungeon, and saw 3 of its levels.

You collected 83 gold pieces.

Inventory:

Hand Weapons
 a - a +0 war axe (weapon)
Armour
 g - a +0 chain mail (worn)
 l - a +0 pair of boots (worn)
 m - a +0 kite shield (worn)
Wands
 o - a wand of polymorph (14)
Scrolls
 b - a scroll of noise {unknown}
 c - a scroll of acquirement {unknown}
 f - 2 scrolls of teleportation {unknown}
 i - a scroll of immolation {unknown}
 j - a scroll of enchant armour {unknown}
Potions
 e - a potion of degeneration {unknown}
 h - a potion of magic {unknown}
 k - a potion of mutation {unknown}
 n - 2 potions of curing {unknown}


   Skills:
 + Level 4.5 Fighting
 * Level 4.2 Axes
 + Level 4.4 Armour
 + Level 4.5 Shields


You had 4 spell levels left.
You didn't know any spells.
Your spell library was empty.

Dungeon Overview and Level Annotations

Branches:
Dungeon (3/15)

Altars:
Nemelex Xobeh

Shops:
D:1 [


Innate Abilities, Weirdness & Mutations

You have a pair of horns on your head.
You reflexively headbutt those who attack you in melee.


Message History

You closely miss the goblin. You hit something.
Reactivating autopickup.
You feel a bit more experienced.
A goblin comes into view. It is wielding a +0 dagger.
You block the goblin's attack. The goblin hits you with a +0 dagger.
* * * LOW HITPOINT WARNING * * *
Your Axes skill increases to level 4!
You barely miss the goblin. You headbutt the goblin.
You kill the goblin!
You slash the orc!
You kill the orc!
You barely miss the goblin.
A goblin comes into view. It is wielding a +0 dagger.
You block the goblin's attack. The goblin hits you but does no damage.
You block the goblin's attack.
A goblin comes into view. It is wielding a +0 dagger.
You block the goblin's attack. The orc closely misses you.
You miss the goblin. You slash the orc!
You kill the orc!
You barely miss the goblin. The goblin hits you but does no damage.
The goblin barely misses you.
You have reached level 5!
You feel mightier all of a sudden. The goblin hits you but does no damage.
The endoplasm hits you.
* * * LOW HITPOINT WARNING * * *
The goblin hits you but does no damage.
A hobgoblin comes into view. It is wielding a +0 club.
You block the goblin's attack. The goblin hits you but does no damage.
You barely miss the goblin.
The hobgoblin shouts!
You slash the endoplasm!
You kill the endoplasm!
You hit the goblin. You slash the goblin!
You kill the goblin!
You hear a shout!
The goblin hits you with a +0 dagger.
* * * LOW HITPOINT WARNING * * *
A goblin comes into view. It is wielding a +0 dagger.
You block the goblin's attack. x2; The goblin hits you with a +0 dagger.
You die...

.. .# ###. ## #..#
##.... #..###....#
###..#...g.# ##
#...##...g## _.#
#.#.##...gg###o# ####
#.#.##....g@#'#
...###.#.##.....))#
................#)g#
...#####.##.....##...#
...#####........######
..........#.......##
..##..###..........##
..###...##..........#
..# ###..#..........#


You could see a hobgoblin (strong) and 5 goblins.

Vanquished Creatures
  An orc wizard (D:3)
  Robin (D:3)
  2 gnolls (D:3)
  2 adders (D:2)
  A worm (D:2)
  2 dart slugs
  3 orcs (D:3)
  7 ball pythons
  7 endoplasms
  3 giant cockroaches
  4 goblins
  4 hobgoblins
  3 quokkas
  5 bats
  5 frilled lizards
  A kobold (D:3)
  5 rats
56 creatures vanquished.

Notes
Turn   | Place    | Note
-------+----------+-------------------------------------------
     0 | D:1      | phunky83 the Minotaur Fighter began the quest for the Orb.
     0 | D:1      | Reached XP level 1. HP: 19/19 MP: 0/0
   317 | D:1      | Reached XP level 2. HP: 27/27 MP: 1/1
   365 | D:1      | Found Isom Zeu's Armour Shoppe.
   600 | D:1      | Reached XP level 3. HP: 33/33 MP: 2/2
  1728 | D:3      | Reached XP level 4. HP: 38/40 MP: 3/3
  1823 | D:3      | Noticed Robin
  1824 | D:3      | Found a sparkling altar of Nemelex Xobeh.
  1829 | D:3      | Killed Robin
  1829 | D:3      | HP: 2/41 [goblin/+0 dagger[Robin] (2)]
  1832 | D:3      | Reached XP level 5. HP: 3/47 MP: 4/4
  1833 | D:3      | Slain by a goblin

Illustrated notes

Levels and vault maps discovered:
D:1:      dpeg_arrival_pits, layout_loops_ring, serial_shops,
          nicolae_diamond_shop, kennysheep_crisscross
D:2:      layout_basic, grunt_ministairs_13
D:3:      layout_rooms, nemelex_diamond_rough_becter, minmay_misc_feat_hallway,
          kennysheep_generic_room_14, uniq_robin, uniq_jessica, uniq_grinder

Skill      XL: |  1  2  3  4 |
---------------+-------------+-----
Fighting       | 4 |  4.5
Axes           | 3 4 |  4.2
Shields        | 4 |  4.5
Armour         | 4 |  4.4

Action                     |  1- 3 |  4- 6 || total
---------------------------+-------+-------++-------
  Melee: War axe           |    79 |    25 ||   104
         Headbutt          |     9 |     5 ||    14
    Use: Potion            |       |     2 ||     2
 Armour: Scale mail        |     7 |       ||     7
         Chain mail        |    36 |    23 ||    59
  Dodge: Dodged            |    26 |    15 ||    41
  Block: Buckler           |    10 |       ||    10
         Kite shield       |     2 |    21 ||    23

Table legend: (Time is in decaauts)
 A = Elapsed time spent in this place.
 B = Non-inter-level travel time spent in this place.
 C = Inter-level travel time spent in this place.
 D = Time resting spent in this place.
 E = Time spent auto-exploring this place.
 F = Levels seen in this place.
 G = Mean time per level.
                   A        B        C        D        E       F      G
               +--------+--------+--------+--------+--------+-----+--------+
         Total |   1876 |   1638 |    238 |    398 |    566 |   3 |  625.3 |
       Dungeon |   1876 |   1638 |    238 |    398 |    566 |   3 |  625.3 |
               +--------+--------+--------+--------+--------+-----+--------+

Top non-repeatable levels by time:
     D:2: 899 daAuts
     D:1: 842 daAuts
     D:3: 134 daAuts
